TOP OF THE 1ST |
Reno Aces batting - Pitching for Las Vegas 51s : RHP Felipe Hinojosa
|
Pitching: RHP Felipe Hinojosa
|
|
Batting: RHB Joe Smack
|
0-0: Called Strike 0-1: Ball 1-1: Foul Ball, location: 2F 1-2: Ball 2-2: Ball 3-2: DOUBLE (Flyball, 8RXD, EV 95.6 MPH)
|
Batting: SHB Warren Eisner
|
0-0: Ball 1-0: Called Strike 1-1: Ball 2-1: Fly out, F9 (Line Drive, 9, EV 93.1 MPH) Runner from 2nd tags up, SAFE at 3rd with throw by RF
|
Batting: RHB Israel Gaona
|
0-0: Foul Ball, location: 2F 0-1: Ground out 5-3 (Groundball, 56, EV 80.0 MPH) Joe Smack scores
|
Batting: LHB Chris Escobar
|
0-0: Ball 1-0: Called Strike 1-1: Foul Ball, location: 2F 1-2: Ball 2-2: Ball 3-2: Base on Balls
|
Batting: SHB Troy Maynard
|
0-0: Foul Ball, location: 2F 0-1: Called Strike 0-2: Ball 1-2: Ball 2-2: Ball 3-2: Foul Ball, location: 2F 3-2: Base on Balls Chris Escobar to second
|
Batting: RHB Alex Vasquez
|
0-0: Foul Ball, location: 2F 0-1: Called Strike 0-2: Ball 1-2: Ball 2-2: Foul Ball, location: 2F 2-2: Ball 3-2: Foul Ball, location: 2F 3-2: Fly out, F7 (Flyball, 7D, EV 100.0 MPH)
|
Top of the 1st over - 1 run, 1 hit, 0 errors, 2 left on base; Reno 1 - Las Vegas 0 |
BOTTOM OF THE 1ST |
Las Vegas 51s batting - Pitching for Reno Aces : RHP Jon Schau
|
Pitching: RHP Jon Schau
|
|
Batting: LHB Sal Fernandez
|
0-0: Bunt missed! 0-1: Ball 1-1: Ball 2-1: Called Strike 2-2: Fly out, F8 (Flyball, 89D, EV 96.3 MPH)
|
Batting: SHB Billy Encinias
|
0-0: Called Strike 0-1: Foul Ball, location: 2F 0-2: DOUBLE (Line Drive, 3D, EV 101.9 MPH)
|
Batting: SHB Roberto Magne
|
0-0: Ball 1-0: Called Strike 1-1: Ball 2-1: Foul Ball, location: 2F 2-2: Ground out 2-3 (Groundball, 15S, EV 67.5 MPH) Billy Encinias to third
|
Batting: LHB Helge Jivotovsky
|
0-0: Called Strike 0-1: Swinging Strike 0-2: Foul Ball, location: 2F 0-2: Fly out, F8 (Flyball, 78D, EV 103.8 MPH)
|
Bottom of the 1st over - 0 runs, 1 hit, 0 errors, 1 left on base; Reno 1 - Las Vegas 0 |
TOP OF THE 2ND |
Reno Aces batting - Pitching for Las Vegas 51s : RHP Felipe Hinojosa
|
Batting: RHB Scott Travis
|
0-0: Called Strike 0-1: Swinging Strike 0-2: Strikes out swinging
|
Batting: LHB Ruben Rocha
|
0-0: Ground out U3 (Groundball, 3, EV 104.4 MPH)
|
Batting: LHB Josh Kirk
|
0-0: SINGLE (Groundball, 34D, EV 99.4 MPH)
|
Batting: RHB Joe Smack
|
0-0: Ball 1-0: Called Strike 1-1: Called Strike 1-2: Strikes out swinging
|
Top of the 2nd over - 0 runs, 1 hit, 0 errors, 1 left on base; Reno 1 - Las Vegas 0 |
BOTTOM OF THE 2ND |
Las Vegas 51s batting - Pitching for Reno Aces : RHP Jon Schau
|
Batting: SHB Josh Schultze
|
0-0: Ball 1-0: Called Strike 1-1: Ball 2-1: Foul Ball, location: 2F 2-2: Strikes out swinging
|
Batting: RHB Steven Romanovsky
|
0-0: Called Strike 0-1: Ball 1-1: Ball 2-1: Ground out 6-3 (Groundball, 56, EV 100.0 MPH)
|
Batting: LHB Ben Goldstein
|
0-0: Called Strike 0-1: Ball 1-1: Swinging Strike 1-2: Foul Ball, location: 2F 1-2: SINGLE (Line Drive, 89S, EV 110.0 MPH)
|
Batting: RHB Leon Edwards
|
0-0: Foul Ball, location: 2F 0-1: Ball 1-1: Called Strike 1-2: Ball 2-2: Ball 3-2: Base on Balls Ben Goldstein to second
|
Batting: RHB Yoshiro Higuchi
|
0-0: SINGLE (Groundball, 56D, EV 98.1 MPH) Ben Goldstein to third Leon Edwards to second Runner from 3rd tries for Home, SAFE, throw by LF to home
|
Batting: LHB Sal Fernandez
|
0-0: Ball 1-0: Foul Ball, location: 2F 1-1: Swinging Strike 1-2: Ball 2-2: Strikes out swinging
|
Bottom of the 2nd over - 1 run, 2 hits, 0 errors, 2 left on base; Reno 1 - Las Vegas 1 |
TOP OF THE 3RD |
Reno Aces batting - Pitching for Las Vegas 51s : RHP Felipe Hinojosa
|
Batting: SHB Warren Eisner
|
0-0: Ball 1-0: Called Strike 1-1: Bunted foul 1-2: Ball 2-2: Ball 3-2: SINGLE (Groundball, 56S, EV 65.6 MPH) (infield hit)
|
Batting: RHB Israel Gaona
|
0-0: Ball 1-0: Called Strike 1-1: DOUBLE (Flyball, 8RXD, EV 101.9 MPH) Warren Eisner to third
|
Batting: LHB Chris Escobar
|
0-0: Ball 1-0: Foul Ball, location: 2F 1-1: Called Strike 1-2: Ball 2-2: Hit by Pitch
|
Batting: SHB Troy Maynard
|
0-0: Called Strike 0-1: Foul Ball, location: 2F 0-2: Ball 1-2: Ball 2-2: Strikes out swinging
|
Batting: RHB Alex Vasquez
|
0-0: Called Strike 0-1: Ball 1-1: Ball 2-1: SINGLE (Line Drive, 8RM, EV 105.6 MPH) Warren Eisner scores Israel Gaona to third Chris Escobar to second
|
Batting: RHB Scott Travis
|
0-0: DOUBLE (Flyball, 8RD, EV 105.6 MPH) Israel Gaona scores Chris Escobar scores Alex Vasquez to third
|
Batting: LHB Ruben Rocha
|
0-0: Ball 1-0: Ball 2-0: Ball 3-0: Base on Balls
|
Batting: LHB Josh Kirk
|
0-0: Ball 1-0: Ball 2-0: Foul Ball, location: 2F 2-1: Ball 3-1: Fly out, F8 (Line Drive, 8LD, EV 92.5 MPH) Runner from 3rd tags up, SCORES, throw by CF
|
Batting: RHB Joe Smack
|
0-0: Called Strike 0-1: Ball 1-1: Ground out 4-3 (Groundball, 4, EV 76.3 MPH)
|
Top of the 3rd over - 4 runs, 4 hits, 0 errors, 2 left on base; Reno 5 - Las Vegas 1 |
BOTTOM OF THE 3RD |
Las Vegas 51s batting - Pitching for Reno Aces : RHP Jon Schau
|
Batting: SHB Billy Encinias
|
0-0: Ball 1-0: Called Strike 1-1: Ball 2-1: Fly out, F4 (Popup, 4M, EV 62.5 MPH)
|
Batting: SHB Roberto Magne
|
0-0: Called Strike 0-1: Called Strike 0-2: Ball 1-2: Fly out, F5 (Popup, 5SF, EV 76.3 MPH)
|
Batting: LHB Helge Jivotovsky
|
0-0: Called Strike 0-1: Ball 1-1: Fly out, F6 (Popup, 6S, EV 67.5 MPH)
|
Bottom of the 3rd over - 0 runs, 0 hits, 0 errors, 0 left on base; Reno 5 - Las Vegas 1 |
TOP OF THE 4TH |
Reno Aces batting - Pitching for Las Vegas 51s : RHP Felipe Hinojosa
|
Batting: SHB Warren Eisner
|
0-0: Swinging Strike 0-1: Foul Ball, location: 2F 0-2: SINGLE (Line Drive, 8RS, EV 99.4 MPH)
|
Pitching: RHP Eric Dighton
|
|
Batting: RHB Israel Gaona
|
0-0: Called Strike 0-1: Called Strike 0-2: Ball Warren Eisner steals 2nd base 1-2: Ball 2-2: Ground out 6-3 (Groundball, 6, EV 103.8 MPH)
|
Batting: LHB Chris Escobar
|
0-0: Swinging Strike 0-1: Foul Ball, location: 2F 0-2: Strikes out looking
|
Batting: SHB Troy Maynard
|
0-0: Ball Wild Pitch! Warren Eisner to third 1-0: Called Strike 1-1: Called Strike 1-2: Foul Ball, location: 2F 1-2: Ball 2-2: Strikes out swinging
|
Top of the 4th over - 0 runs, 1 hit, 0 errors, 1 left on base; Reno 5 - Las Vegas 1 |
BOTTOM OF THE 4TH |
Las Vegas 51s batting - Pitching for Reno Aces : RHP Jon Schau
|
Batting: SHB Josh Schultze
|
0-0: Swinging Strike 0-1: Swinging Strike 0-2: Foul Ball, location: 2F 0-2: Foul Ball, location: 2F 0-2: Strikes out looking
|
Batting: RHB Steven Romanovsky
|
0-0: Called Strike 0-1: Ball 1-1: Foul Ball, location: 2F 1-2: SINGLE (Groundball, 6MD, EV 101.9 MPH)
|
Batting: LHB Ben Goldstein
|
0-0: Ball 1-0: Fielders Choice at 2nd, 3-6 (Groundball, 34S, EV 85.0 MPH)
|
Batting: RHB Leon Edwards
|
0-0: Ball 1-0: Called Strike 1-1: Ball 2-1: Called Strike 2-2: Strikes out swinging
|
Bottom of the 4th over - 0 runs, 1 hit, 0 errors, 1 left on base; Reno 5 - Las Vegas 1 |
TOP OF THE 5TH |
Reno Aces batting - Pitching for Las Vegas 51s : RHP Eric Dighton
|
Batting: RHB Alex Vasquez
|
0-0: SINGLE (Line Drive, 7S, EV 86.3 MPH)
|
Batting: RHB Scott Travis
|
0-0: Ball 1-0: Ball 2-0: Foul Ball, location: 2F 2-1: 2-RUN HOME RUN (Flyball, 78XD, EV 108.8 MPH), Distance : 414 ft
|
Batting: LHB Ruben Rocha
|
0-0: Ground out 6-3 (Groundball, 6MS, EV 76.9 MPH)
|
Pitching: LHP Ryan Price
|
|
Batting: LHB Josh Kirk
|
0-0: Called Strike 0-1: Swinging Strike 0-2: Strikes out swinging
|
Batting: RHB Joe Smack
|
0-0: Called Strike 0-1: Ball 1-1: Swinging Strike 1-2: Foul Ball, location: 2F 1-2: Ball 2-2: Ball 3-2: Ground out 6-3 (Groundball, 56D, EV 108.8 MPH)
|
Top of the 5th over - 2 runs, 2 hits, 0 errors, 0 left on base; Reno 7 - Las Vegas 1 |
BOTTOM OF THE 5TH |
Las Vegas 51s batting - Pitching for Reno Aces : RHP Jon Schau
|
Batting: RHB Yoshiro Higuchi
|
0-0: Called Strike 0-1: Called Strike 0-2: Foul Ball, location: 2F 0-2: Ball 1-2: Strikes out looking
|
Batting: LHB Sal Fernandez
|
0-0: Ball 1-0: Called Strike 1-1: SINGLE (Line Drive, 8LS, EV 96.3 MPH)
|
Batting: SHB Billy Encinias
|
0-0: Called Strike 0-1: Ball 1-1: Foul Ball, location: 2F 1-2: Strikes out swinging
|
Pitching: RHP Josh Pugh
|
|
Batting: SHB Roberto Magne
|
0-0: Ball 1-0: Foul Ball, location: 2F 1-1: Fielders Choice at 2nd, 6-4 (Groundball, 6, EV 84.4 MPH)
|
Bottom of the 5th over - 0 runs, 1 hit, 0 errors, 1 left on base; Reno 7 - Las Vegas 1 |
TOP OF THE 6TH |
Reno Aces batting - Pitching for Las Vegas 51s : LHP Ryan Price
|
Batting: SHB Warren Eisner
|
0-0: Ball 1-0: Called Strike 1-1: Ball 2-1: Ground out 5-3 (Groundball, 5, EV 105.6 MPH)
|
Batting: RHB Israel Gaona
|
0-0: Ball 1-0: Ball 2-0: Called Strike 2-1: Ground out 6-3 (Groundball, 56, EV 91.9 MPH)
|
Batting: LHB Chris Escobar
|
0-0: Ball 1-0: Ball 2-0: Called Strike 2-1: Foul Ball, location: 2F 2-2: Strikes out swinging
|
Top of the 6th over - 0 runs, 0 hits, 0 errors, 0 left on base; Reno 7 - Las Vegas 1 |
BOTTOM OF THE 6TH |
Las Vegas 51s batting - Pitching for Reno Aces : RHP Josh Pugh
|
Batting: LHB Helge Jivotovsky
|
0-0: Ball 1-0: Ball 2-0: Ball 3-0: Base on Balls
|
Pitching: RHP Tyler Deloatch
|
|
Batting: SHB Josh Schultze
|
0-0: Ball 1-0: Called Strike 1-1: Ball 2-1: Ball 3-1: Foul Ball, location: 2F 3-2: Fielders Choice at 2nd, 4-6 (Groundball, 4, EV 78.1 MPH)
|
Batting: RHB Steven Romanovsky
|
0-0: Swinging Strike 0-1: Foul Ball, location: 2F 0-2: Ball 1-2: Ball 2-2: Ball 3-2: Foul Ball, location: 2F 3-2: Grounds into double play, 6-4-3 (Groundball, 6, EV 103.8 MPH)
|
Bottom of the 6th over - 0 runs, 0 hits, 0 errors, 0 left on base; Reno 7 - Las Vegas 1 |
TOP OF THE 7TH |
Reno Aces batting - Pitching for Las Vegas 51s : LHP Ryan Price
|
Batting: SHB Troy Maynard
|
0-0: Called Strike 0-1: Ball 1-1: Foul Ball, location: 2F 1-2: Strikes out swinging
|
Batting: RHB Alex Vasquez
|
0-0: Fly out, F8 (Flyball, 89D, EV 84.4 MPH)
|
Batting: RHB Scott Travis
|
0-0: Ball 1-0: Ball 2-0: Ball 3-0: Foul Ball, location: 2F 3-1: Swinging Strike 3-2: Fly out, F6 (Popup, 6, EV 66.3 MPH)
|
Top of the 7th over - 0 runs, 0 hits, 0 errors, 0 left on base; Reno 7 - Las Vegas 1 |
BOTTOM OF THE 7TH |
Las Vegas 51s batting - Pitching for Reno Aces : RHP Tyler Deloatch
|
Batting: LHB Ben Goldstein
|
0-0: Ball 1-0: DOUBLE (Groundball, 3L, EV 101.9 MPH)
|
Batting: RHB Leon Edwards
|
0-0: Ball 1-0: Called Strike 1-1: Called Strike 1-2: Foul Ball, location: 2F 1-2: Ground out 6-3 (Groundball, 6MD, EV 86.3 MPH) Ben Goldstein to third
|
Batting: RHB Yoshiro Higuchi
|
0-0: Ground out 5-3 (Groundball, 56, EV 83.1 MPH) Ben Goldstein scores
|
Batting: LHB Sal Fernandez
|
0-0: Called Strike 0-1: Ball 1-1: Foul Ball, location: 2F 1-2: Ball 2-2: Ball 3-2: Base on Balls
|
Batting: SHB Billy Encinias
|
0-0: Foul Ball, location: 2F 0-1: Ball 1-1: Ball Pickoff Throw to First - Out! 1-3
|
Bottom of the 7th over - 1 run, 1 hit, 0 errors, 0 left on base; Reno 7 - Las Vegas 2 |
TOP OF THE 8TH |
Reno Aces batting - Pitching for Las Vegas 51s : LHP Ryan Price
|
Batting: LHB Ruben Rocha
|
0-0: Ball 1-0: Ball 2-0: Ground out 4-3 (Groundball, 4, EV 103.1 MPH)
|
Batting: LHB Josh Kirk
|
0-0: Ball 1-0: Swinging Strike 1-1: Called Strike 1-2: Foul Ball, location: 2F 1-2: Strikes out looking
|
Pitching: RHP Javier Perez
|
|
Batting: RHB Joe Smack
|
0-0: Ball 1-0: Fly out, F5 (Popup, 5SF, EV 77.5 MPH)
|
Top of the 8th over - 0 runs, 0 hits, 0 errors, 0 left on base; Reno 7 - Las Vegas 2 |
BOTTOM OF THE 8TH |
Las Vegas 51s batting - Pitching for Reno Aces : RHP Tyler Deloatch
|
Batting: SHB Billy Encinias
|
0-0: Ball 1-0: Foul Ball, location: 2F 1-1: Ball 2-1: Ball 3-1: Base on Balls
|
Batting: SHB Roberto Magne
|
0-0: Ball 1-0: Swinging Strike 1-1: Called Strike 1-2: Ball 2-2: Foul Ball, location: 2F 2-2: Ball 3-2: Fly out, F5 (Popup, 56, EV 81.3 MPH)
|
Batting: LHB Helge Jivotovsky
|
0-0: Ball 1-0: Called Strike 1-1: Ball 2-1: Foul Ball, location: 2F 2-2: DOUBLE (Groundball, 3D, EV 102.5 MPH) Billy Encinias to third
|
Batting: SHB Josh Schultze
|
0-0: Called Strike 0-1: Ball 1-1: Foul Ball, location: 2F 1-2: Ball 2-2: Foul Ball, location: 2F 2-2: Foul Ball, location: 2F 2-2: Ball 3-2: SINGLE (Line Drive, 8LS, EV 104.4 MPH) Billy Encinias scores Helge Jivotovsky to third Runner from 3rd tries for Home, SAFE, throw by CF to home
|
Pitching: LHP Mario Valdivia
|
|
Batting: RHB Steven Romanovsky
|
0-0: Ball 1-0: Called Strike 1-1: Ball 2-1: Foul Ball, location: 2F 2-2: SINGLE (Groundball, 34D, EV 95.6 MPH) Josh Schultze to second Runner from 2nd tries for 3rd, SAFE, throw by RF made to third
|
Batting: LHB Ben Goldstein
|
0-0: Ball 1-0: Called Strike 1-1: Called Strike 1-2: SINGLE (Groundball, 34D, EV 95.6 MPH) Josh Schultze scores Steven Romanovsky to second
|
Batting: RHB Leon Edwards
|
0-0: Ball 1-0: Called Strike 1-1: Swinging Strike 1-2: Strikes out swinging
|
Batting: RHB Yoshiro Higuchi
|
0-0: Fielders Choice at 2nd, 6-4 (Groundball, 6, EV 91.3 MPH)
|
Bottom of the 8th over - 3 runs, 4 hits, 0 errors, 2 left on base; Reno 7 - Las Vegas 5 |
TOP OF THE 9TH |
Reno Aces batting - Pitching for Las Vegas 51s : RHP Javier Perez
|
Batting: SHB Warren Eisner
|
0-0: Ball 1-0: SINGLE (Line Drive, 8LS, EV 101.9 MPH)
|
Batting: RHB Israel Gaona
|
0-0: Called Strike Warren Eisner steals 2nd base 0-1: Fly out, F8 (Flyball, 8RXD, EV 108.1 MPH) Runner from 2nd tags up, SAFE at 3rd, no throw by CF
|
Batting: LHB Chris Escobar
|
0-0: Intentional Walk
|
Batting: SHB Troy Maynard
|
0-0: Called Strike 0-1: Swinging Strike 0-2: Strikes out swinging
|
Batting: RHB Alex Vasquez
|
0-0: Called Strike 0-1: SINGLE (Groundball, 56S, EV 66.3 MPH) (infield hit) Warren Eisner scores Chris Escobar to second
|
Batting: RHB Scott Travis
|
0-0: Ball Balk! Chris Escobar to third Alex Vasquez to second 1-0: Foul Ball, location: 2F 1-1: Ground out 5-3 (Groundball, 56S, EV 88.1 MPH)
|
Top of the 9th over - 1 run, 2 hits, 0 errors, 2 left on base; Reno 8 - Las Vegas 5 |
BOTTOM OF THE 9TH |
Las Vegas 51s batting - Pitching for Reno Aces : LHP Mario Valdivia
|
Batting: LHB Sal Fernandez
|
0-0: Ball 1-0: Ball 2-0: Called Strike 2-1: Swinging Strike 2-2: Ball 3-2: Foul Ball, location: 2F 3-2: Strikes out looking
|
Batting: SHB Billy Encinias
|
0-0: Ball 1-0: Called Strike 1-1: Swinging Strike 1-2: Foul Ball, location: 2F 1-2: Foul Ball, location: 2F 1-2: Strikes out looking
|
Batting: SHB Roberto Magne
|
0-0: Ball 1-0: Called Strike 1-1: Foul Ball, location: 2F 1-2: Ball 2-2: Ball 3-2: Foul Ball, location: 2F 3-2: DOUBLE (Groundball, 5L, EV 103.1 MPH)
|
Batting: LHB Helge Jivotovsky
|
0-0: Ball 1-0: Foul Ball, location: 2F 1-1: Called Strike 1-2: Ball 2-2: Strikes out looking
|
Bottom of the 9th over - 0 runs, 1 hit, 0 errors, 1 left on base; Reno 8 - Las Vegas 5 |
|